 Dungeon Crawl Stone Soup version 0.31-a0-303-gdc8c9485ea (webtiles) character file.

Game seed: 5177332745611076884

61 ryw the Changeling (level 3, -2/29 HPs)
             Began as a Demigod Shapeshifter on July 17, 2023.
             Slain by a cerulean imp
             ... wielding a +2 spear
             ... summoned by Natasha
              (4 damage)
             ... on level 2 of the Dungeon.
             The game lasted 00:02:23 (1147 turns).

ryw the Changeling (Demigod Shapeshifter)           Turns: 1147, Time: 00:02:24

Health: -2/29      AC:  6    Str: 20    XL:     3   Next: 58%
Magic:  5/5        EV: 10    Int: 10    God:
Gold:   96         SH:  0    Dex: 14    Spells: 2/2 levels left

rFire   . . .        g - +0 spear
rCold   . . .        (no shield)
rNeg    . . .        i - +0 scale mail
rPois   .            (helmet currently unavailable)
rElec   .            (cloak currently unavailable)
rCorr   .            (gloves currently unavailable)
SInv    .            (boots currently unavailable)
Will    .....        (no amulet) Stlth
                     (no ring)
HPRegen 0.24/turn    (no ring)
MPRegen 0.09/turn

%: no passive effects
@: beast-form
A: beast (slay +2), high MP 1, forlorn, divine attributes
a: Begin Untransformation


You were on level 2 of the Dungeon.
You were a hulking beast.
You visited 1 branch of the dungeon, and saw 2 of its levels.

You collected 96 gold pieces.

Inventory:

Hand Weapons
 g - a +0 spear (weapon)
Armour
 i - a +0 scale mail (worn)
Talismans
 c - a beast talisman
Scrolls
 f - a scroll of identify
 h - a scroll of enchant armour {unknown}
Potions
 a - a potion of cancellation {unknown}
 b - a potion of lignification
 d - 2 potions of curing
 e - a potion of mutation {unknown}


   Skills:
 + Level 2.3 Fighting
 + Level 1.1 Armour
 - Level 2.0 Dodging
 * Level 2.7 Unarmed Combat
 + Level 2.9 Shapeshifting


You had 2 spell levels left.
You didn't know any spells.
Your spell library was empty.

Dungeon Overview and Level Annotations

Branches:
Dungeon (2/15)

Annotations:
D:2 Natasha, Robin


Innate Abilities, Weirdness & Mutations

You are a hulking beast.
Your limbs bulge with bestial killing power. (Slay +2)
You have an increased reservoir of magic. (+10% MP)
You shall have no god before yourself.
Your divine heritage dramatically boosts your attributes as you level up.


Message History

Natasha is lightly wounded.
Natasha casts a spell.
The cerulean imp hits you from afar with a +2 spear.
You barely miss Natasha. Your punch misses Natasha.
Natasha is lightly wounded.
Natasha barely misses you. The cerulean imp barely misses you.
You closely miss Natasha.
Natasha is lightly wounded.
Natasha claws you. The cerulean imp misses you.
You hit Natasha.
Natasha is moderately wounded.
Natasha closely misses you.
The cerulean imp hits you from afar with a +2 spear.
You hit Natasha.
Natasha is heavily wounded.
Natasha stares at you and mumbles some strange words.
You resist with some effort.
The cerulean imp hits you from afar with a +2 spear.
Natasha claws you but does no damage.
You barely miss Natasha.
Natasha is heavily wounded.
The cerulean imp hits you from afar with a +2 spear.
Natasha closely misses you.
You completely miss Natasha.
Natasha is heavily wounded.
The cerulean imp hits you from afar with a +2 spear.
Natasha stares at you and mumbles some strange words.
The magic dart hits you.
* * * LOW HITPOINT WARNING * * *
You hit Natasha but do no damage.
Natasha is heavily wounded.
The cerulean imp hits you from afar with a +2 spear.
* * * LOW HITPOINT WARNING * * *
Natasha claws you.
* * * LOW HITPOINT WARNING * * *
The cerulean imp hits you but does no damage.
You feel better. Natasha claws you.
* * * LOW HITPOINT WARNING * * *
The cerulean imp hits you from afar with a +2 spear.
You die...

#.# #. #.# ## #.# # #.#
# #.# # #.# ####.#
##############....#####
#..55hh...........#....
#.############....#....
######.... #.... #...[
#.... #####


You could see Natasha and 2 cerulean imps.

Vanquished Creatures
  2 adders (D:2)
  2 dart slugs (D:1)
  4 endoplasms
  9 goblins
  2 hobgoblins (D:1)
  A quokka (D:1)
  6 ball pythons
  6 bats
  A frilled lizard (D:2)
  5 rats (D:1)
38 creatures vanquished.

Notes
Turn   | Place    | Note
-------+----------+-------------------------------------------
     0 | D:1      | ryw the Demigod Shapeshifter began the quest for the Orb.
     0 | D:1      | Reached XP level 1. HP: 17/17 MP: 3/3
   349 | D:1      | Reached XP level 2. HP: 24/24 MP: 4/4
   792 | D:2      | Reached XP level 3. HP: 27/29 MP: 5/5
   846 | D:2      | Reached skill level 1 in Armour
   921 | D:2      | Noticed Robin
  1133 | D:2      | Noticed Natasha
  1147 | D:2      | Slain by a cerulean imp

Illustrated notes

Levels and vault maps discovered:
D:1:      dpeg_arrival_long_road, layout_basic, minmay_misc_feat_five,
          minmay_misc_feat_square, corexii_corridor_pit, minmay_surrounded
D:2:      layout_basic, serial_curves, eino_curves_01, eino_curves_02,
          uniq_robin, uniq_natasha

Skill      XL: |  1  2  3 |
---------------+----------+-----
Unarmed Combat | 2 |  2.7
Fighting       | 2 |  2.3
Dodging        | 2 |  2.0
Armour         | 1 |  1.1
Shapeshifting  | |  2.9

Action                     || total
---------------------------++-------
  Melee: Unarmed           ||    58
         Spear             ||    60
    Use: Scroll            ||     1
         Potion            ||     1
   Stab: Sleeping          ||     1
 Armour: Animal skin       ||    15
         Scale mail        ||    17
  Dodge: Dodged            ||    76

Table legend: (Time is in decaauts)
 A = Elapsed time spent in this place.
 B = Non-inter-level travel time spent in this place.
 C = Inter-level travel time spent in this place.
 D = Time resting spent in this place.
 E = Time spent auto-exploring this place.
 F = Levels seen in this place.
 G = Mean time per level.
                   A        B        C        D        E       F      G
               +--------+--------+--------+--------+--------+-----+--------+
         Total |   1150 |   1063 |     87 |     94 |    661 |   2 |  575.0 |
       Dungeon |   1150 |   1063 |     87 |     94 |    661 |   2 |  575.0 |
               +--------+--------+--------+--------+--------+-----+--------+

Top non-repeatable levels by time:
     D:1: 749 daAuts
     D:2: 400 daAuts
